General information
- name: BNet
- type: Ladder team game (AT/RT)
- host: Battle.net
- saver: NosChantsPerdus
map: GolemsInTheMist
- players: 8
- length: 40:43
- speed: Fast
- version: 1.26 W3XP
- replay type: Public
» download(202 KB)
Players
team 1 (loser)
SoGetPissedThen (
pink | 8 APM | 77 actions | 09:10)
» actions
| Basic commands | 2 | |
| Right click | 58 | |
| Select / deselect | 8 | |
| Use ability | 9 | |
77 total
NosChantsPerdus (
orange | 75 APM | 3047 actions | 40:43)
7 Archmage
3 Summon Water Elemental
3 Brilliance Aura
1 Mass Teleport
» actions
| Assign group hotkey | 80 | |
| Basic commands | 283 | |
| Build / train | 251 | |
| ESC pressed | 14 | |
| Enter build submenu | 93 | |
| Enter hero's abilities submenu | 7 | |
| Give item / drop item | 5 | |
| Right click | 777 | |
| Select / deselect | 404 | |
| Select group hotkey | 860 | |
| Use ability | 273 | |
3047 total
» units
| Peasant | 29 | |
| Footman | 14 | |
| Goblin Shredder | 3 | |
| Sorceress | 2 | |
| Gryphon Rider | 3 | |
| Dragonhawk Rider | 4 | |
| Goblin Sapper | 7 | |
62 total
» upgrades
| Masonry | 3 | |
| Defend | 1 | |
| Lumber Harvesting | 2 | |
| Swords | 3 | |
| Animal War Training | 1 | |
| Magic Sentry | 1 | |
| Cloud | 1 | |
| Storm Hammers | 1 | |
| Armor | 4 | |
| Sorceress Training | 2 | |
| Plating | 3 | |
| Gunpowder | 3 | |
| Long Rifles | 1 | |
| Backpack | 1 | |
| Priest Training | 2 | |
| Control Magic | 1 | |
| Spiked Barricades | 1 | |
| Melee Weapons | 1 | |
| Ensnare | 1 | |
| Witch Doctor Training | 2 | |
| Spirit Walker Training | 2 | |
37 total
» buildings
| Altar of Kings | 1 | |
| Barracks | 1 | |
| Farm | 11 | |
| Arcane Vault | 1 | |
| Lumber Mill | 1 | |
| Town Hall | 3 | |
| Scout Tower | 53 | |
| Arcane Tower | 8 | |
| Keep | 3 | |
| Guard Tower | 79 | |
| Blacksmith | 1 | |
| Castle | 2 | |
| Gryphon Aviary | 6 | |
| Arcane Sanctum | 1 | |
171 total
» build order
00:08 Altar of Kings
00:12 Barracks
00:17 Farm
00:53 Farm
01:33 Farm
02:14 Farm
03:05 Farm
03:26 Farm
04:16 Arcane Vault
04:45 Lumber Mill
04:51 Town Hall
04:54 Scout Tower
05:08 Arcane Tower
05:08 Arcane Tower
06:37 Keep
06:37 Keep
06:47 Scout Tower
06:49 Scout Tower
06:52 Scout Tower
06:54 Scout Tower
06:56 Scout Tower
06:57 Scout Tower
07:33 Guard Tower
07:33 Guard Tower
07:59 Scout Tower
08:00 Scout Tower
08:01 Scout Tower
08:02 Scout Tower
08:07 Guard Tower
08:08 Guard Tower
08:08 Guard Tower
08:19 Blacksmith
08:21 Scout Tower
08:43 Guard Tower
08:43 Guard Tower
08:53 Arcane Tower
08:53 Arcane Tower
09:03 Scout Tower
09:03 Scout Tower
09:04 Scout Tower
09:05 Scout Tower
09:18 Scout Tower
09:18 Scout Tower
09:22 Scout Tower
09:23 Scout Tower
09:24 Scout Tower
09:25 Scout Tower
09:37 Guard Tower
09:39 Castle
09:39 Castle
10:21 Guard Tower
10:21 Guard Tower
10:30 Scout Tower
10:30 Scout Tower
10:31 Scout Tower
10:32 Scout Tower
10:33 Scout Tower
10:43 Scout Tower
10:54 Gryphon Aviary
10:56 Gryphon Aviary
10:58 Guard Tower
10:58 Guard Tower
11:05 Arcane Sanctum
11:08 Guard Tower
11:08 Guard Tower
11:09 Guard Tower
11:09 Guard Tower
11:09 Guard Tower
11:20 Gryphon Aviary
11:23 Gryphon Aviary
11:50 Guard Tower
11:50 Guard Tower
12:15 Gryphon Aviary
12:36 Gryphon Aviary
14:42 Farm
14:43 Farm
14:44 Farm
15:31 Farm
15:35 Guard Tower
15:35 Guard Tower
15:51 Guard Tower
15:52 Guard Tower
18:23 Scout Tower
18:24 Scout Tower
18:30 Town Hall
18:32 Scout Tower
18:33 Scout Tower
18:34 Scout Tower
18:35 Scout Tower
18:39 Scout Tower
18:54 Scout Tower
18:55 Scout Tower
19:00 Scout Tower
19:01 Guard Tower
19:02 Guard Tower
19:03 Guard Tower
19:03 Guard Tower
19:03 Guard Tower
19:05 Scout Tower
19:06 Guard Tower
19:06 Guard Tower
19:06 Guard Tower
19:06 Guard Tower
19:07 Guard Tower
19:14 Scout Tower
19:16 Scout Tower
19:19 Guard Tower
19:20 Guard Tower
19:20 Guard Tower
19:22 Scout Tower
19:24 Scout Tower
19:26 Guard Tower
19:26 Guard Tower
19:32 Guard Tower
19:32 Guard Tower
19:32 Guard Tower
19:32 Guard Tower
19:33 Guard Tower
20:01 Arcane Tower
20:01 Guard Tower
20:02 Guard Tower
21:53 Farm
22:20 Town Hall
22:25 Scout Tower
22:26 Scout Tower
22:27 Scout Tower
22:28 Scout Tower
22:32 Scout Tower
22:37 Scout Tower
22:39 Scout Tower
22:41 Scout Tower
22:44 Scout Tower
22:46 Scout Tower
23:29 Guard Tower
23:29 Guard Tower
23:30 Guard Tower
23:53 Guard Tower
23:53 Guard Tower
23:53 Guard Tower
23:54 Guard Tower
23:55 Guard Tower
23:55 Guard Tower
» items
| Scroll of Regeneration | 4 | |
| Mechanical Critter | 3 | |
| Lesser Clarity Potion | 1 | |
| Scroll of Town Portal | 4 | |
| Staff of Sanctuary | 1 | |
| Potion of Healing | 3 | |
| Ivory Tower | 4 | |
| Orb of Fire | 1 | |
| Tiny Great Hall | 1 | |
| Orb of Lightning | 1 | |
23 total
iMayBeWorking (
purple | 103 APM | 2784 actions | 27:04)
6 Blademaster
3 Wind Walk
2 Critical Strike
1 Bladestorm
4 Tauren Chieftain
2 War Stomp
1 Endurance Aura
1 Shockwave
3 Shadow Hunter
2 Healing Wave
1 Hex
» actions
| Assign group hotkey | 27 | |
| Basic commands | 55 | |
| Build / train | 78 | |
| Enter build submenu | 48 | |
| Enter hero's abilities submenu | 13 | |
| Right click | 1270 | |
| Select / deselect | 627 | |
| Select group hotkey | 510 | |
| Use ability | 156 | |
2784 total
» units
| Peon | 25 | |
| Troll Headhunter/Berserker | 4 | |
| Wind Rider | 5 | |
| Shaman | 3 | |
37 total
» upgrades
| Spiked Barricades | 1 | |
| Ranged Weapons | 2 | |
| Shaman Training | 2 | |
| Reinforced Defenses | 1 | |
6 total
» buildings
| Altar of Storms | 1 | |
| Orc Burrow | 10 | |
| War Mill | 1 | |
| Voodoo Lounge | 1 | |
| Barracks | 1 | |
| Stronghold | 3 | |
| Great Hall | 4 | |
| Watch Tower | 21 | |
| Beastiary | 2 | |
| Fortress | 1 | |
| Spirit Lodge | 2 | |
47 total
» build order
00:09 Altar of Storms
00:17 Orc Burrow
01:02 War Mill
01:14 Voodoo Lounge
01:57 Barracks
02:07 Orc Burrow
03:57 Orc Burrow
04:27 Stronghold
04:28 Stronghold
06:14 Great Hall
06:17 Watch Tower
06:21 Watch Tower
07:04 Beastiary
07:10 Beastiary
07:21 Watch Tower
07:32 Watch Tower
07:54 Watch Tower
08:09 Watch Tower
08:24 Watch Tower
09:09 Fortress
09:16 Watch Tower
10:14 Spirit Lodge
10:43 Orc Burrow
10:49 Spirit Lodge
11:12 Watch Tower
13:13 Orc Burrow
13:25 Watch Tower
14:42 Orc Burrow
14:45 Orc Burrow
14:47 Orc Burrow
14:49 Orc Burrow
14:55 Orc Burrow
15:21 Watch Tower
19:14 Watch Tower
19:18 Watch Tower
19:25 Watch Tower
19:44 Watch Tower
22:06 Great Hall
22:50 Watch Tower
22:51 Watch Tower
22:53 Watch Tower
24:50 Great Hall
24:55 Watch Tower
24:57 Watch Tower
24:59 Watch Tower
26:33 Great Hall
» items
| Healing Salve | 4 | |
| Scroll of Town Portal | 2 | |
| Orb of Lightning | 1 | |
| Lesser Clarity Potion | 1 | |
| Tiny Great Hall | 1 | |
9 total

»
TITANIO37 (
yellow | 28 APM | 1128 actions | 40:15)
6 Archmage
2 Summon Water Elemental
3 Brilliance Aura
1 Mass Teleport
» actions
| Assign group hotkey | 29 | |
| Build / train | 59 | |
| Enter build submenu | 29 | |
| Enter hero's abilities submenu | 6 | |
| Right click | 434 | |
| Select / deselect | 313 | |
| Select group hotkey | 183 | |
| Use ability | 75 | |
1128 total
» units
| Peasant | 11 | |
| Rifleman | 7 | |
| Goblin Shredder | 1 | |
| Goblin Zeppelin | 1 | |
| Siege Engine | 11 | |
| Knight | 7 | |
38 total
» upgrades
| Barrage | 1 | |
| Long Rifles | 1 | |
| Gunpowder | 1 | |
| Armor | 1 | |
| Animal War Training | 1 | |
5 total
» buildings
| Farm | 15 | |
| Altar of Kings | 1 | |
| Lumber Mill | 1 | |
| Blacksmith | 1 | |
| Barracks | 2 | |
| Keep | 1 | |
| Arcane Vault | 1 | |
| Castle | 1 | |
| Scout Tower | 20 | |
| Workshop | 3 | |
| Town Hall | 2 | |
| Guard Tower | 4 | |
52 total
» build order
01:30 Farm
01:31 Farm
01:45 Altar of Kings
01:56 Lumber Mill
02:03 Blacksmith
02:26 Barracks
02:30 Barracks
02:43 Farm
02:44 Farm
02:45 Farm
03:33 Keep
03:58 Arcane Vault
06:09 Castle
06:16 Farm
06:17 Farm
06:21 Farm
06:22 Farm
08:24 Scout Tower
08:25 Scout Tower
08:26 Scout Tower
08:30 Farm
08:31 Farm
08:50 Workshop
08:54 Workshop
08:57 Workshop
10:11 Scout Tower
10:19 Farm
10:46 Town Hall
10:52 Scout Tower
11:07 Farm
11:40 Scout Tower
12:03 Farm
12:04 Farm
12:36 Scout Tower
13:01 Scout Tower
13:03 Scout Tower
13:04 Scout Tower
13:06 Scout Tower
13:06 Scout Tower
13:07 Scout Tower
13:08 Scout Tower
13:09 Scout Tower
15:14 Guard Tower
15:17 Guard Tower
23:46 Guard Tower
24:14 Scout Tower
24:16 Scout Tower
24:19 Scout Tower
24:22 Scout Tower
24:25 Scout Tower
25:11 Guard Tower
27:12 Town Hall
» items
| Scroll of Regeneration | 2 | |
| Orb of Fire | 1 | |
3 total
team 2 (winner)
Nasius (
red | 36 APM | 800 actions | 22:25)
4 Demon Hunter
2 Evasion
2 Mana Burn
» actions
| Assign group hotkey | 29 | |
| Basic commands | 15 | |
| Build / train | 85 | |
| Enter build submenu | 19 | |
| Enter hero's abilities submenu | 4 | |
| Right click | 191 | |
| Select / deselect | 252 | |
| Select group hotkey | 180 | |
| Use ability | 25 | |
800 total
» units
| Wisp | 23 | |
| Archer | 7 | |
| Huntress | 7 | |
| Druid of the Talon | 1 | |
| Glaive Thrower | 8 | |
| Dryad | 9 | |
| Hippogryph | 7 | |
62 total
» upgrades
| Strength of the Moon | 2 | |
| Moon Armor | 2 | |
| Ultravision | 1 | |
| Improved Bows | 1 | |
| Nature's Blessing | 1 | |
| Druid of the Talon Training | 1 | |
| Abolish Magic | 1 | |
| Strength of the Wild | 1 | |
| Reinforced Hides | 1 | |
| Vorpal Blades | 1 | |
12 total
» buildings
| Altar of Elders | 1 | |
| Moon Well | 7 | |
| Ancient of War | 1 | |
| Hunter's Hall | 1 | |
| Ancient Protector | 3 | |
| Tree of Ages | 1 | |
| Tree of Life | 2 | |
| Ancient of Wind | 1 | |
| Ancient of Lore | 1 | |
| Ancient of Wonders | 1 | |
| Tree of Eternity | 1 | |
20 total
» build order
00:08 Altar of Elders
00:12 Moon Well
00:23 Ancient of War
01:34 Moon Well
02:38 Hunter's Hall
03:12 Moon Well
03:54 Ancient Protector
05:07 Ancient Protector
05:12 Ancient Protector
06:24 Moon Well
07:05 Tree of Ages
07:41 Tree of Life
10:41 Ancient of Wind
10:48 Ancient of Lore
13:07 Ancient of Wonders
13:12 Moon Well
14:51 Moon Well
18:42 Tree of Eternity
19:09 Tree of Life
20:03 Moon Well
» items
BOOK-READER- (
blue | 55 APM | 2239 actions | 40:43)
7 Blood Mage
3 Flame Strike
2 Siphon Mana
1 Banish
1 Summon Phoenix
» actions
| Assign group hotkey | 85 | |
| Basic commands | 14 | |
| Build / train | 99 | |
| Enter build submenu | 25 | |
| Enter hero's abilities submenu | 7 | |
| Give item / drop item | 3 | |
| Right click | 834 | |
| Select / deselect | 278 | |
| Select group hotkey | 785 | |
| Use ability | 109 | |
2239 total
» units
| Peasant | 13 | |
| Footman | 3 | |
| Goblin Shredder | 2 | |
| Gryphon Rider | 4 | |
| Dragonhawk Rider | 1 | |
| Siege Engine | 1 | |
| Tauren | 1 | |
25 total
» upgrades
| Masonry | 3 | |
| Lumber Harvesting | 1 | |
| Swords | 3 | |
| Armor | 3 | |
| Animal War Training | 1 | |
| Cloud | 1 | |
| Storm Hammers | 1 | |
| Sorceress Training | 2 | |
| Magic Sentry | 1 | |
| Gunpowder | 3 | |
| Pulverize | 1 | |
| Flare | 1 | |
| Fragmentation Shards | 1 | |
22 total
» buildings
| Altar of Kings | 1 | |
| Farm | 15 | |
| Barracks | 1 | |
| Scout Tower | 30 | |
| Arcane Tower | 1 | |
| Arcane Vault | 1 | |
| Lumber Mill | 2 | |
| Town Hall | 1 | |
| Keep | 1 | |
| Guard Tower | 16 | |
| Blacksmith | 1 | |
| Castle | 1 | |
| Gryphon Aviary | 6 | |
| Arcane Sanctum | 1 | |
| Workshop | 5 | |
83 total
» build order
00:07 Altar of Kings
00:21 Farm
00:36 Barracks
00:53 Farm
01:33 Scout Tower
01:47 Farm
02:06 Arcane Tower
02:17 Arcane Vault
02:48 Lumber Mill
03:07 Farm
04:10 Town Hall
04:12 Scout Tower
04:13 Scout Tower
04:14 Scout Tower
05:33 Keep
05:56 Guard Tower
06:02 Scout Tower
06:03 Scout Tower
06:03 Scout Tower
06:04 Scout Tower
06:05 Scout Tower
06:05 Scout Tower
06:06 Scout Tower
06:06 Scout Tower
06:07 Scout Tower
06:07 Scout Tower
06:53 Guard Tower
07:09 Guard Tower
07:40 Guard Tower
07:44 Blacksmith
07:48 Farm
07:49 Farm
07:49 Farm
07:50 Farm
07:50 Farm
07:50 Farm
07:52 Farm
07:52 Farm
07:53 Farm
08:31 Castle
08:58 Gryphon Aviary
08:59 Gryphon Aviary
08:59 Gryphon Aviary
09:00 Gryphon Aviary
11:15 Guard Tower
12:17 Lumber Mill
12:48 Guard Tower
13:03 Scout Tower
13:03 Scout Tower
13:04 Scout Tower
13:05 Scout Tower
13:05 Scout Tower
13:05 Scout Tower
13:07 Scout Tower
13:08 Scout Tower
13:09 Scout Tower
13:51 Guard Tower
13:53 Guard Tower
13:53 Guard Tower
13:53 Guard Tower
14:49 Guard Tower
15:07 Guard Tower
15:11 Arcane Sanctum
17:34 Guard Tower
17:47 Scout Tower
17:47 Scout Tower
17:47 Scout Tower
17:48 Scout Tower
17:48 Scout Tower
17:50 Scout Tower
18:53 Guard Tower
18:53 Guard Tower
19:02 Workshop
19:03 Workshop
19:46 Guard Tower
20:17 Workshop
20:19 Workshop
20:20 Workshop
21:56 Gryphon Aviary
21:56 Gryphon Aviary
22:12 Farm
22:13 Farm
» items
| Scroll of Regeneration | 6 | |
| Potion of Mana | 1 | |
| Ivory Tower | 8 | |
| Scroll of Town Portal | 2 | |
| Orb of Fire | 1 | |
| Staff of Sanctuary | 1 | |
| Lesser Clarity Potion | 1 | |
| Potion of Healing | 3 | |
23 total
just_like_that (
teal | 39 APM | 853 actions | 21:59)
4 Blademaster
2 Wind Walk
2 Critical Strike
3 Shadow Hunter
1 Hex
2 Healing Wave
» actions
| Assign group hotkey | 26 | |
| Build / train | 73 | |
| Enter build submenu | 21 | |
| Enter hero's abilities submenu | 7 | |
| Right click | 246 | |
| Select / deselect | 199 | |
| Select group hotkey | 189 | |
| Use ability | 92 | |
853 total
» units
| Peon | 12 | |
| Grunt | 4 | |
| Shaman | 7 | |
| Spirit Walker | 2 | |
| Tauren | 10 | |
35 total
» upgrades
| Berserker Strength | 1 | |
| Melee Weapons | 1 | |
| Armor | 2 | |
| Spiked Barricades | 1 | |
| Shaman Training | 2 | |
| Spirit Walker Training | 1 | |
| Reinforced Defenses | 1 | |
9 total
» buildings
| Orc Burrow | 7 | |
| Altar of Storms | 1 | |
| Barracks | 1 | |
| War Mill | 1 | |
| Watch Tower | 4 | |
| Stronghold | 1 | |
| Voodoo Lounge | 1 | |
| Fortress | 1 | |
| Spirit Lodge | 2 | |
| Tauren Totem | 2 | |
21 total
» build order
00:06 Orc Burrow
00:09 Altar of Storms
01:10 Barracks
01:18 War Mill
01:50 Orc Burrow
02:33 Watch Tower
03:02 Stronghold
03:46 Voodoo Lounge
03:56 Watch Tower
05:33 Fortress
05:38 Watch Tower
06:24 Orc Burrow
07:02 Spirit Lodge
07:20 Orc Burrow
07:37 Orc Burrow
07:53 Watch Tower
08:52 Spirit Lodge
09:22 Tauren Totem
09:25 Tauren Totem
17:55 Orc Burrow
17:59 Orc Burrow
» items
| Healing Salve | 3 | |
| Scroll of Town Portal | 2 | |
| Orb of Lightning | 3 | |
| Potion of Healing | 3 | |
| Scroll of Speed | 1 | |
12 total
jcress36 (
green | 33 APM | 737 actions | 22:17)
3 Archmage
2 Summon Water Elemental
1 Brilliance Aura
» actions
| Assign group hotkey | 33 | |
| Basic commands | 1 | |
| Build / train | 55 | |
| Enter build submenu | 26 | |
| Enter hero's abilities submenu | 3 | |
| Remove unit from queue | 3 | |
| Right click | 231 | |
| Select / deselect | 245 | |
| Select group hotkey | 91 | |
| Use ability | 49 | |
737 total
» units
| Peasant | 6 | |
| Footman | 11 | |
| Goblin Shredder | 1 | |
| Priest | 4 | |
| Siege Engine | 8 | |
| Knight | 4 | |
34 total
» upgrades
| Swords | 1 | |
| Barrage | 1 | |
| Lumber Harvesting | 1 | |
| Gunpowder | 1 | |
| Plating | 1 | |
5 total
» buildings
| Barracks | 2 | |
| Farm | 11 | |
| Altar of Kings | 1 | |
| Lumber Mill | 1 | |
| Scout Tower | 17 | |
| Guard Tower | 6 | |
| Arcane Tower | 1 | |
| Keep | 1 | |
| Blacksmith | 1 | |
| Arcane Sanctum | 1 | |
| Castle | 1 | |
| Workshop | 3 | |
| Arcane Vault | 1 | |
47 total
» build order
00:07 Barracks
00:23 Farm
00:40 Altar of Kings
01:04 Lumber Mill
01:08 Farm
01:54 Scout Tower
02:22 Guard Tower
02:26 Scout Tower
02:35 Farm
03:31 Arcane Tower
03:46 Keep
03:58 Blacksmith
04:05 Farm
04:55 Barracks
06:31 Farm
07:39 Arcane Sanctum
08:02 Scout Tower
08:02 Scout Tower
08:39 Castle
08:58 Guard Tower
10:30 Workshop
10:31 Workshop
10:35 Scout Tower
10:36 Scout Tower
10:37 Scout Tower
10:38 Scout Tower
10:39 Scout Tower
12:19 Workshop
12:27 Farm
12:28 Farm
12:29 Farm
12:49 Guard Tower
14:55 Guard Tower
15:08 Farm
15:08 Farm
15:10 Farm
15:33 Scout Tower
15:40 Scout Tower
15:42 Scout Tower
15:43 Scout Tower
17:08 Guard Tower
17:39 Scout Tower
17:40 Scout Tower
17:41 Scout Tower
17:42 Scout Tower
17:44 Guard Tower
18:29 Arcane Vault
Chat log
(00:10 / All) SoGetPissedThen: interesting
(00:10 / Allies) SoGetPissedThen: I
(00:14 / All) SoGetPissedThen: I just played this map
(00:15 / All) BOOK-READER-: how
(00:20 / All) SoGetPissedThen: and in this exact starting location
(00:31 / All) jcress36: hacker
(00:34 / All) NosChantsPerdus: To answer your last username
(00:38 / All) NosChantsPerdus: Nos Chants Perdus is the album, from Rome
(00:40 / All) SoGetPissedThen: sure thing Green
(00:42 / Allies) SoGetPissedThen: You're in
(00:50 / All) SoGetPissedThen: You're between Red and Teal
(01:36 / All) NosChantsPerdus: Pink do you have maphack?
(01:38 / All) SoGetPissedThen: I'm coming after your dumb ass Green
(01:49 / All) SoGetPissedThen: No I just MAGICALLY know that Green's between Red and Teal
(01:56 / All) BOOK-READER-: lol
(01:59 / All) NosChantsPerdus: Just checking, you could have been saying he's anywhere
(02:10 / All) NosChantsPerdus: I've had non mh say positions and be wrong
(02:11 / Allies) SoGetPissedThen: he's here
(02:15 / All) NosChantsPerdus: Yeah you said
(02:17 / All) NosChantsPerdus: And I have mh too anyway
(02:23 / All) SoGetPissedThen: goos
(02:25 / All) SoGetPissedThen: with a d
(02:27 / All) SoGetPissedThen: not an s
(02:38 / All) SoGetPissedThen: ahhhhhh I love my life
(02:40 / All) SoGetPissedThen: sittin here
(02:43 / All) SoGetPissedThen: trollin WC3
(02:48 / All) SoGetPissedThen: Making the best of spring break
(03:00 / All) SoGetPissedThen: eatting cheetos and some shit my dad made
(03:14 / All) SoGetPissedThen: sittin on my pillowtop my parents bought me
(03:22 / All) SoGetPissedThen: wrapped around a quilt my aunt made me
(03:26 / All) SoGetPissedThen: watchin som Yu Gi Oh
(03:30 / All) SoGetPissedThen: life is good huh fellas
(05:33 / All) SoGetPissedThen: hi
(05:46 / Allies) SoGetPissedThen: lol red
(05:49 / Allies) SoGetPissedThen: just walked right past me
(06:23 / All) SoGetPissedThen: DO IT
(06:25 / All) SoGetPissedThen: DO IT BITCH
(06:31 / All) SoGetPissedThen: DO I FUCKIN LOOK SCARED?
(06:56 / All) SoGetPissedThen: =DDD
(07:07 / All) just_like_that: well done blue
(07:11 / All) just_like_that: well done purp
(07:16 / All) SoGetPissedThen: ty
(07:57 / All) SoGetPissedThen: Like the towers Blue.
(08:13 / All) BOOK-READER-: ty nigga
(08:21 / All) SoGetPissedThen: ty but don't call me nigga plz
(08:31 / All) SoGetPissedThen: just shows that ur a little white kid trying to act black
(08:48 / All) SoGetPissedThen: ANNNNYway
(08:49 / All) SoGetPissedThen: gg
(08:58 / Allies) SoGetPissedThen: GET TO THE MUSTANG
(09:07 / Allies) SoGetPissedThen: GET TO THE MUSTANG
(09:09 / All) SoGetPissedThen: GET TO THE MUSTANG
(09:09 / All) SoGetPissedThen: GET TO THE MUSTANG
(09:31 / Allies) iMayBeWorking: help
(09:56 / All) BOOK-READER-: abandon ur posts
(11:56 / Allies) NosChantsPerdus: Good work
(12:58 / Allies) NosChantsPerdus: units purple
(13:01 / Allies) iMayBeWorking: have to arracj
(13:04 / Allies) NosChantsPerdus: left behind
(13:12 / Allies) NosChantsPerdus: too many towers hit teal instead
(14:46 / All) just_like_that: towers fuckers
(16:41 / Allies) iMayBeWorking: use tanks
(16:44 / Allies) iMayBeWorking: take out thier base yellow
(17:52 / Allies) iMayBeWorking: dont
(17:54 / Allies) iMayBeWorking: go to teal
(17:55 / Allies) NosChantsPerdus: blue sucks hit teal instead
(17:56 / Allies) NosChantsPerdus: easier
(17:58 / Allies) iMayBeWorking: teal has no tower
(18:02 / Allies) NosChantsPerdus: go to teal
(18:04 / Allies) NosChantsPerdus: go to teal
(18:20 / Allies) iMayBeWorking: why yellow ?
(18:29 / Allies) iMayBeWorking: teal has fucking no tower
(18:30 / Allies) iMayBeWorking: omfg
(18:46 / Allies) iMayBeWorking: wow
(18:47 / Allies) NosChantsPerdus: He's feeding them xp and not much else
(20:55 / Allies) iMayBeWorking: oj
(20:57 / Allies) iMayBeWorking: where ur unit
(22:18 / All) Nasius: That was a really gg.
(22:20 / All) Nasius: gg
(22:31 / Allies) iMayBeWorking: oj has no unit
(23:14 / All) BOOK-READER-: babies i swear
(26:52 / Allies) TITANIO37: goold pliz 400
(27:14 / All) BOOK-READER-: weeeeeeee
(28:18 / Allies) NosChantsPerdus: Yellow do you know how your main died?
(28:23 / Allies) NosChantsPerdus: And your expo?
(28:43 / Allies) NosChantsPerdus: What's the ping for?
(29:37 / Allies) NosChantsPerdus: Do you speak English?
(29:57 / All) NosChantsPerdus: I'm not sure yellow knows English
(29:59 / All) NosChantsPerdus: He doesn't speak
(30:10 / All) NosChantsPerdus: All he ever said was "goold pliz 400"
(30:19 / All) NosChantsPerdus: That only vaguely looks like English
(30:21 / Allies) TITANIO37: hijo de puta
(30:30 / Allies) TITANIO37: 1
(30:31 / All) NosChantsPerdus: hijo de puta he says, are you Brasil?
(30:34 / Allies) TITANIO37: mierda
(30:34 / All) BOOK-READER-: ive played him before
(30:45 / All) BOOK-READER-: a silent warrior type
(30:47 / All) BOOK-READER-: u know
(30:48 / All) NosChantsPerdus: pendejo
(30:50 / All) NosChantsPerdus: It's spanish
(30:56 / Allies) TITANIO37: mierda hijo de puta perra mader coji da asquerosa malnasida
(31:03 / All) NosChantsPerdus:
(31:05 / All) NosChantsPerdus: no
(31:22 / Allies) NosChantsPerdus:
(31:39 / Allies) TITANIO37: tu pinche madre putito de mierda gay
(31:43 / Allies) NosChantsPerdus: usted no tiene ninguna habilidad
(31:59 / Allies) TITANIO37: cuidate porque donde te tope tepondre en tu madre
(31:59 / Allies) NosChantsPerdus: Yo soy mejor
(32:23 / Allies) TITANIO37: puto de mierda
(32:25 / Allies) NosChantsPerdus: El espanol es un idioma para cretinos
(32:46 / Allies) NosChantsPerdus: Su pais es una mierda
(33:09 / Allies) TITANIO37: jjajajjajjaj te doli puto de mierda si pues nos cojemos asus viejes por eu ustedes son unodspendejos para cojer jajajjajjaj
(33:23 / Allies) NosChantsPerdus: Yo estoy usando un traductor, no hablo lenguas basura
(33:43 / Allies) TITANIO37: tu pinche cerebro noda para mas
(33:44 / Allies) NosChantsPerdus: Ingles es mejor que el espanol
(33:50 / All) BOOK-READER-: that disc problem pisses me off, only one part of the game wont load and i have to cross the zone to resume the story
(33:52 / Allies) NosChantsPerdus: HECHO
(34:04 / All) NosChantsPerdus: I'm having a fun google translate insult conversation, will check his after the game
(34:10 / All) BOOK-READER-: k
(34:23 / Allies) NosChantsPerdus:
(34:36 / All) BOOK-READER-: permission to kill ur buildings?
(34:36 / Allies) TITANIO37: el español no es para cual quier pendejo y el ingles cual babso la habla
(34:45 / Allies) NosChantsPerdus: Eres un hijo loco? Es hijo deezer
(35:12 / Allies) NosChantsPerdus:
(35:25 / Allies) NosChantsPerdus: Usted tiene un hijo nariz grande
(35:58 / Allies) NosChantsPerdus: Apuesto a que chupar la polla detras de contenedores de basura
(36:11 / Allies) TITANIO37: eres un pendejo porque asta trsductor usas nunca podras hblar español
(36:24 / Allies) TITANIO37: si mintras me cojo atu madre y tu vieja
(36:42 / Allies) TITANIO37: jajajjajjajajjaja no que muy chingon eres asta putyo gay
(36:49 / Allies) NosChantsPerdus: Spanska är skit, svenska är för bra män
(36:55 / All) BOOK-READER-: u here?
(36:59 / Allies) TITANIO37: tu madre idita
(37:11 / All) BOOK-READER-: apparently blizzard
(37:17 / Allies) NosChantsPerdus: Tu madre es una puta podrida y los olores de la baya del sauco
(37:19 / All) NosChantsPerdus: Yes
(37:28 / All) NosChantsPerdus: We're having a fun Spanish insult contest while I do not know Spanish
(37:30 / All) BOOK-READER-: is going to anounce a new game on march 22nd at pax
(37:47 / All) BOOK-READER-: sounds like an interesting convo
(37:54 / All) NosChantsPerdus: I'll have to google translate it after
(38:37 / Allies) NosChantsPerdus:
(38:53 / Allies) NosChantsPerdus: Usted pierde el juego. Te dominado
(39:06 / Allies) TITANIO37: me estoy cojiendo atu madre meintras pirdo jajajjja
(39:27 / Allies) NosChantsPerdus: Estás enojado?
(39:42 / Allies) NosChantsPerdus: Pareces enfadado
(39:54 / Allies) NosChantsPerdus: Por lo menos un poco
(40:37 / All) NosChantsPerdus: Oh he left
(40:40 / All) NosChantsPerdus: My team gets the loss